 Dungeon Crawl Stone Soup version 0.18.1-48-g4cf74bf (webtiles) character file.

50 Galewin the Chopper (level 3, -5/46 HPs)
             Began as a Minotaur Berserker on July 31, 2016.
             Was a Believer of Trog.
             Slain by an ogre
             ... wielding a +0 giant club
              (17 damage)
             ... on level 3 of the Dungeon.
             The game lasted 00:01:46 (1222 turns).

Galewin the Chopper (Minotaur Berserker)            Turns: 1222, Time: 00:01:46

Health: -5/46      AC:  8    Str: 27    XL:     3   Next: 55%
Magic:  2/2        EV:  9    Int:  4    God:    Trog [**....]
Gold:   56         SH:  0    Dex:  9    Spells: 0 memorised, 2 levels left

rFire  . . .     SeeInvis .     a - +0 hand axe
rCold  . . .     Gourm    .     v - +0 chain mail
rNeg   . . .     Faith    .     (no shield)
rPois  .         Spirit   .     (helmet restricted)
rElec  .         Dismiss  .     (no cloak)
rCorr  .         Reflect  .     (no gloves)
SustAt .         Harm     .     (no boots)
MR     .....                    (no amulet)
Stlth  ..........               (no ring)
                                (no ring)

@: berserking, very quick, not resistant to hostile enchantments, extremely
unstealthy
A: retaliatory headbutt, horns 2
a: Berserk, Trog's Hand, Burn Spellbooks, Renounce Religion


You were on level 3 of the Dungeon.
You worshipped Trog.
Trog was pleased with you.
You were very hungry.

You visited 1 branch of the dungeon, and saw 3 of its levels.

You collected 56 gold pieces.

Inventory:

Hand Weapons
 a - a +0 hand axe (weapon)
Armour
 v - a +0 chain mail (worn)
Jewellery
 j - an uncursed ring of wizardry {unknown}
 q - an uncursed ring of fire {unknown}
Scrolls
 e - a scroll of magic mapping {unknown}
 i - 2 scrolls of identify {unknown}
 k - 2 scrolls of teleportation {unknown}
 l - a scroll of enchant weapon {unknown}
 s - a scroll of immolation {unknown}
Potions
 d - 2 potions of degeneration {unknown}
 h - 3 potions of curing {unknown}
 n - a potion of magic {unknown}
 o - a potion of cancellation {unknown}
 p - a potion of agility {unknown}
 u - a potion of mutation {unknown}
Comestibles
 c - 2 bread rations
 f - a slice of pizza
 g - 2 meat rations
 m - a beef jerky
 r - a royal jelly
 t - 2 fruits


   Skills:
 - Level 3.6 Fighting
 + Level 5.5 Axes
 - Level 2.4 Armour
 - Level 2.1 Dodging


You had 2 spell levels left.
You didn't know any spells.

Dungeon Overview and Level Annotations

Branches:
Dungeon (3/15)

Altars:
Qazlal


Innate Abilities, Weirdness & Mutations

You reflexively headbutt those who attack you in melee.
You have a pair of horns on your head.


Message History

A red film seems to cover your vision as you go berserk!
You feel yourself moving faster!
You feel mighty!
You are feeling very hungry.
The giant gecko bites the plant but does no damage.
The ogre hits you with a giant club!!
Ouch! That really hurt!
* * * LOW HITPOINT WARNING * * *
You are too injured to fight recklessly!
You are too injured to fight recklessly!
You slash the ogre!
The ogre is severely wounded.
You hit the plant but do no damage.
The plant is moderately damaged.
The giant gecko bites the plant but does no damage.
You slash the ogre!
The ogre is almost dead.
You hit the plant.
The plant is moderately damaged.
The ogre hits you with a giant club!
You die... #.# ### #.# ..##.# ######## #.#.# ##.#..... ### #..####.#..#### #... #..............
P≈P≈P

##..####.#..###.
PP≈PPP###....####.#.###.
P≈≈≈PlP@......# ###.....
≈♣≈≈≈PO###...## ######
♣♣≈♣PP ##.## ♣≈≈≈P #.#
P♣♣♣≈ #.# PP ≈≈ #+# P ♣♣
#### ##)##


You could see an ogre and a giant gecko.

Vanquished Creatures
  2 adders (D:2)
  3 dart slugs
  2 giant geckos (D:2)
  An orc (D:3)
  6 goblins
  A hobgoblin (D:2)
  2 giant newts
  4 kobolds
  4 rats
25 creatures vanquished.

Notes
Turn   | Place    | Note
--------------------------------------------------------------
     0 | D:1      | Galewin the Minotaur Berserker began the quest for the Orb.
     0 | D:1      | Reached XP level 1. HP: 19/19 MP: 0/0
   168 | D:1      | Reached skill level 4 in Axes
   301 | D:1      | Reached XP level 2. HP: 22/26 MP: 1/1
   550 | D:2      | Reached skill level 5 in Axes
   550 | D:2      | Reached XP level 3. HP: 14/31 MP: 2/2
   992 | D:3      | Found a stormy altar of Qazlal.
  1070 | D:3      | Reached ** piety under Trog
  1211 | D:3      | Noticed an ogre
  1222 | D:3      | Slain by an ogre

Skill      XL: |  1  2 |
---------------+-------+-----
Axes           | 4 5 |  5.5
Fighting       | |  3.6
Armour         | |  2.4
Dodging        | |  2.1

Action                   || total
-------------------------++-------
Melee: Hand axe          ||    76
       Headbutt          ||    14
Invok: Berserk           ||     1
 Stab: Sleeping          ||     1
Armor: Animal skin       ||     7
       Chain mail        ||     6
Dodge: Dodged            ||    37
